 Dungeon Crawl Stone Soup version 0.31.0-9-g3a7656b989 (webtiles) character file.

Game seed: 8299858957368236612

213 H0rd4k the Trooper (level 5, -5/45 HPs)
             Began as a Human Artificer on Feb 1, 2024.
             Succumbed to an orc wizard's poison
             ... on level 4 of the Dungeon on Feb 2, 2024.
             The game lasted 00:04:52 (2943 turns).

H0rd4k the Trooper (Human Artificer)                Turns: 2943, Time: 00:04:52

Health: -5/45      AC:  5    Str: 13    XL:     5   Next: 90%
Magic:  5/5        EV: 11    Int: 13    God:
Gold:   150        SH:  0    Dex: 13    Spells: 4/4 levels left

rFire   . . .        a - +0 club
rCold   . . .        (no shield)
rNeg    . . .        b - +0 leather armour
rPois   .            i - +0 helmet
rElec   .            (no cloak)
rCorr   .            (no gloves)
SInv    .            p - +0 pair of boots
Will    .....        (no amulet)
Stlth   +            (no ring)
HPRegen 0.27/turn    (no ring)
MPRegen 0.09/turn

%: no passive effects
@: lethally poisoned (-5 -> -23), marked
A: explore regen
a: no special abilities


You were on level 4 of the Dungeon.
You visited 1 branch of the dungeon, and saw 4 of its levels.
You also visited: Ossuary.

You collected 150 gold pieces.

Inventory:

Hand Weapons
 a - a +0 club (weapon)
Missiles
 k - 6 poisoned darts
Armour
 b - a +0 leather armour (worn)
 i - a +0 helmet (worn)
 p - a +0 pair of boots (worn)
 w - a +0 pair of gloves
Magical Staves
 u - a staff of earth
Talismans
 s - a beast talisman
Wands
 d - a wand of charming (8)
 e - a wand of iceblast (5)
Scrolls
 g - a scroll of vulnerability {unknown}
 j - a scroll of poison {unknown}
 n - 3 scrolls of identify {unknown}
 o - a scroll of noise
 r - a scroll of teleportation {unknown}
Potions
 f - 2 potions of haste {unknown}
 h - a potion of enlightenment {unknown}
 l - a potion of attraction {unknown}
 m - 4 potions of mutation {unknown}
 q - 2 potions of curing {unknown}
 t - 2 potions of lignification {unknown}
 v - a potion of berserk rage {unknown}


   Skills:
 + Level 5.6 Fighting
 - Level 2.0 Armour
 - Level 1.0 Dodging
 - Level 1.0 Stealth
 - Level 3.0 Evocations


You had 4 spell levels left.
You didn't know any spells.
Your spell library contained the following spells:

 Spells                   Type           Power      Damage    Failure   Level
 Fugue of the Fallen      Necr           0%         N/A       75%         3
 Inner Flame              Hex/Fire       0%         N/A       75%         3
 Ozocubu's Armour         Ice            0%         N/A       75%         3
 Flame Wave               Conj/Fire      0%         2d4       98%         4
 Manifold Assault         Tloc           0%         N/A       98%         4
 Sticky Flame             Fire/Alch      0%         2d4       98%         4


Dungeon Overview and Level Annotations

Branches:
Dungeon (4/15)            Ossuary (visited)
 Temple: D:4-7

Altars:

Shops:
D:1 *


Innate Abilities, Weirdness & Mutations

You regain HP and MP as you explore.


Message History

The magic dart hits you.
* * * LOW HITPOINT WARNING * * *
You closely miss the orc wizard.
The orc wizard is moderately wounded.
The scorpion pulls away from the web.
The orc wizard completely misses you.
You closely miss the orc wizard.
The orc wizard is moderately wounded.
The orc wizard closely misses you.
You barely miss the orc wizard.
The orc wizard is moderately wounded.
The orc wizard hits you but does no damage.
The orc wizard casts a spell at you. The puff of flame hits you.
* * * LOW HITPOINT WARNING * * *
You barely miss the orc wizard.
The orc wizard is moderately wounded.
The orc wizard evades a web.
The orc wizard points at you and mumbles some strange words.
The magic dart hits you.
* * * LOW HITPOINT WARNING * * *
The jackal is caught in a web!
You hit the orc wizard.
The orc wizard is heavily wounded.
The jackal pulls away from the web.
The orc wizard barely misses you.
The orc wizard hits you but does no damage.
You hit the orc wizard.
The orc wizard is severely wounded.
The endoplasm oozes through a web.
The orc wizard points at you and mumbles some strange words.
You resist with some effort.
The orc wizard hits you with a +0 dagger of venom.
* * * LOW HITPOINT WARNING * * *
You are lethally poisoned!
A goblin comes into view.
It is wielding a +0 club and carrying a wand of charming.
The orc wizard hits you but does no damage.
You are more poisoned.
The orc wizard hits you but does no damage.
You hit the orc wizard.
The orc wizard is severely wounded.
You die...

.#.....##hs...........
.........†###.........
........#####......#.
.......## #........#
.##..### #..##g##..#
##...# ..o###.^.###.#
###..# .. #^....s.# #
# .... # #8^8h8o8# ...
#...Jo@.# .. #8.8.8.8#
~P #^.^....# ###..^###
#####


You could see a scorpion, 2 orc wizards, an endoplasm, a jackal and a goblin.

Vanquished Creatures
  3 gnolls
  An adder (D:3)
  2 adder skeletons (D:2)
  A ribbon worm (D:2)
  2 dart slugs (D:1)
  2 bat skeletons (D:2)
  7 endoplasms
  4 giant cockroaches
  6 goblins
  7 hobgoblins
  3 ball pythons
  6 bats
  7 frilled lizards
  7 kobolds
  2 quokka skeletons (D:2)
  6 rats
66 creatures vanquished.

Vanquished Creatures (collateral kills)
  A bombardier beetle (D:4)
  2 gnolls (D:4)
  A hobgoblin (D:4)
  A jackal (D:4)
  A ball python (D:4)
  A gnoll zombie (Ossuary)
  2 goblins (D:4)
  An orc zombie (Ossuary)
10 creatures vanquished.

Vanquished Creatures (others)
  An ice beast (D:4)
  A gnoll (D:4)
2 creatures vanquished.

Grand Total: 78 creatures vanquished

Notes
Turn   | Place    | Note
-------+----------+-------------------------------------------
     0 | D:1      | H0rd4k the Human Artificer began the quest for the Orb.
     0 | D:1      | Reached XP level 1. HP: 15/15 MP: 1/1
   148 | D:1      | Reached skill level 2 in Fighting
   148 | D:1      | Reached XP level 2. HP: 15/22 MP: 2/2
   621 | D:1      | Found Jyleil's Assorted Antiques.
   644 | D:1      | Reached XP level 3. HP: 19/28 MP: 3/3
   725 | D:1      | Reached skill level 3 in Fighting
  1588 | D:2      | Reached XP level 4. HP: 37/37 MP: 4/4
  2046 | D:3      | Reached skill level 4 in Fighting
  2478 | D:3      | Reached XP level 5. HP: 5/43 MP: 5/5
  2716 | D:4      | Noticed an ice beast
  2755 | D:4      | Reached skill level 5 in Fighting
  2814 | D:4      | Found a sand-covered staircase.
  2826 | Ossuary  | Entered an ossuary
  2908 | Ossuary  | Noticed a weeping skull
  2940 | D:4      | HP: 2/45 [orc wizard/magic dart (6)]
  2943 | D:4      | Succumbed to an orc wizard's poison

Illustrated notes

Levels and vault maps discovered:
D:1:      dpeg_arrival_tiny_a, layout_basic, serial_shops, shop_fountains,
          minivault_25
D:2:      layout_basic, serial_undead, serial_undead_a, serial_undead_f,
          serial_undead_c, serial_undead_b, serial_undead_a, serial_undead_f,
          serial_undead_e
D:3:      layout_rooms
D:4:      layout_cave_pools, lemuel_round_altar, serial_bayou,
          serial_bayou_pond_c, serial_bayou_shore_b, serial_bayou_shore_b,
          serial_bayou_crossing, mainiacjoe_ossuary_entry_dusty_tomb,
          uniq_grinder

Skill      XL: |  1  2  3  4  5 |
---------------+----------------+-----
Fighting       | 2 3 4 5 |  5.6
Armour         | |  2.0
Dodging        | |  1.0
Stealth        | |  1.0
Evocations     | |  3.0

Action                     |  1- 3 |  4- 6 || total
---------------------------+-------+-------++-------
  Melee: Club              |   220 |   145 ||   365
         Punch             |     2 |     3 ||     5
  Evoke: Wand              |     4 |    18 ||    22
   Stab: Sleeping          |     1 |     2 ||     3
 Armour: Leather armour    |   175 |   132 ||   307
  Dodge: Dodged            |   143 |   126 ||   269
